cohdb
Replays
Latest Replays
All Replays
Popular Replays
Top Player Replays
Match Explorer
How It Works
Community
CoH3 Stats
Reddit
Sign in to upload your games and track your stats! →
Sign in with Steam
Match 42157626
Unlisted
Match 42157626
Overview
Messages
Build Orders
End
Royal Engineer Section
Construct Section Command Post
Dingo Light Scout Car
Vickers Machine Gun Team
Selects Australian Defense Battlegroup
Selects Australian Light Infantry Section
Australian Light Infantry Section
Construct Platoon Command Post
Humber Armored Car
Infantry Section
Humber Armored Car
Selects 2-pounder Anti-tank Gun Team
Infantry Section
Selects Vehicle Over Repair
Construct Company Command Post
Grenade Package
Infantry Training
Crusader II Medium Tank
Crusader II Medium Tank
Armored Vehicle Training
Construct Field Infirmary
Selects CMP 15cwt Supply Run
Selects Artillery Trip Wire Flares
Crusader II Medium Tank
Infantry Section
Crusader II Medium Tank
Insomniac
BrickTop
Jojoleix
John Matrix
0
0
Comments
sign in to comment!
No comments posted yet!